 Dungeon Crawl Stone Soup version 0.28-a0-1560-g060a6a1bfc (webtiles) character file.

Game seed: 9673276987856240936

2790 Cthan the Protected (level 9, -2/82 HPs)
             Began as a Minotaur Fighter on Jan 15, 2022.
             Was an Initiate of Trog.
             Slain by a gnoll sergeant (6 damage)
             ... on level 7 of the Dungeon on Jan 19, 2022.
             The game lasted 00:53:38 (8359 turns).

Cthan the Protected (Minotaur Fighter)              Turns: 8359, Time: 00:53:39

Health: -2/82      AC: 11    Str: 25    XL:     9   Next: 43%
Magic:  8/8        EV:  8    Int:  5    God:    Trog [......]
Gold:   94         SH:  4    Dex: 10    Spells: 8/8 levels left

rFire   . . .      SeeInvis .   o - +1 whip (elec)
rCold   . . .      Faith    .   c - +0 buckler
rNeg    . . .      Spirit   .   q - +0 chain mail
rPois   .          Reflect  .   (helmet restricted)
rElec   .          Harm     .   (no cloak)
rCorr   .          Rampage  .   (no gloves)
Will    .....                   (no boots)
Stlth   ..........              (no amulet)
HPRegen 0.23/turn               j - ring of flight
MPRegen 0.11/turn               (no ring)

@: flying
A: horns 2, retaliatory headbutt
a: Renounce Religion


You were on level 7 of the Dungeon.
You worshipped Trog.
Trog was noncommittal.
You visited 2 branches of the dungeon, and saw 8 of its levels.
You also visited: Ossuary.

You collected 204 gold pieces.
You spent 110 gold pieces at shops.

Inventory:

Hand Weapons
 a - a +0 war axe
 o - a +1 whip of electrocution (weapon)
 p - a +0 dagger of holy wrath
 r - a +1 dagger of draining
 B - a +0 shortbow
Missiles
 d - 10 javelins
 f - 134 stones
 m - 88 arrows
 u - 6 poisoned darts (quivered)
Armour
 c - a +0 buckler (worn)
 q - a +0 chain mail (worn)
 C - +0 acid dragon scales
Jewellery
 j - a ring of flight (left hand)
Wands
 e - a wand of flame (7)
 y - a wand of charming (14)
Scrolls
 g - a scroll of identify
 s - a scroll of teleportation
 t - 6 scrolls of fear
 A - 2 scrolls of silence
Potions
 b - a potion of resistance {unknown}
 h - 3 potions of lignification
 i - 2 potions of attraction
 k - 2 potions of brilliance
 l - a potion of curing
 n - a potion of mutation
 v - a potion of magic
 w - 3 potions of haste
 x - a potion of invisibility
 z - a potion of berserk rage {unknown}
 D - a potion of heal wounds {unknown}


   Skills:
 + Level 8.8 Fighting
 - Level 4.0 Short Blades
 - Level 6.6(7.5) Axes
 + Level 5.5(7.0) Maces & Flails
 + Level 9.6 Armour
 - Level 0.4 Dodging
 - Level 1.0 Stealth
 + Level 4.0 Shields


You had 8 spell levels left.
You didn't know any spells.
Your spell library contained the following spells:

 Spells                   Type           Power      Damage    Failure   Level
 Magic Dart               Conj           0%         1d3       98%         1
 Ensorcelled Hibernation  Hex/Ice        0%         N/A       99%         2
 Passwall                 Tmut/Erth      0%         N/A       99%         2
 Searing Ray              Conj           0%         2d4       99%         2
 Static Discharge         Conj/Air       0%         N/A       99%         2
 Swiftness                Air            0%         N/A       100%        3
 Tukima's Dance           Hex            0%         N/A       100%        3
 Anguish                  Hex/Necr       0%         N/A       100%        4
 Fulminant Prism          Conj/Hex       0%         3d6       100%        4
 Lightning Bolt           Conj/Air       0%         1d11      100%        5
 Enfeeble                 Hex            0%         N/A       100%        7
 Maxwell's Capacitive Co  Air            0%         ∞         100%        8


Dungeon Overview and Level Annotations

Branches:
Dungeon (7/15)             Temple (1/1) D:6         Ossuary (visited)

Altars:
Ashenzari
Cheibriados
Dithmenos
Elyvilon
Fedhas
Gozag
Kikubaaqudgha
Makhleb
Nemelex Xobeh
Okawaru
Qazlal
Ru
Sif Muna
Trog
Uskayaw
Vehumet
Wu Jian
Xom
Yredelemnul
Zin
The Shining One

Shops:
D:5 ?

Annotations:
D:3 4 runed translucent doors, exclusion: 4 doors, Crazy Yiuf; Longtemps's ghost, amateur GnAM
D:7 Menkaure


Innate Abilities, Weirdness & Mutations

You have a pair of horns on your head.
You reflexively headbutt those who attack you in melee.


Message History

The gnoll sergeant hits you with a +1 spear of distortion.
Space warps horribly around you!! The gnoll barely misses you.
You are too injured to fight recklessly!
You are too injured to fight recklessly!
You are too injured to fight recklessly!
You barely miss the gnoll. You headbutt the gnoll.
The gnoll is moderately wounded.
The gnoll barely misses you. The gnoll sergeant closely misses you.
The gnoll closely misses you.
You hit the gnoll.
The gnoll is heavily wounded.
The gnoll closely misses you. You block the gnoll's attack.
The gnoll sergeant hits you but does no damage.
You completely miss the gnoll.
The gnoll is heavily wounded.
The gnoll barely misses you. The gnoll hits you with a +0 club.
The gnoll hits you but does no damage.
The gnoll sergeant hits you with a +1 spear of distortion.
* * * LOW HITPOINT WARNING * * *
You closely miss the gnoll. Your headbutt misses the gnoll.
The gnoll is heavily wounded.
The gnoll barely misses you. The gnoll hits you with a +0 club.
* * * LOW HITPOINT WARNING * * *
You whack the gnoll!
You kill the gnoll!
Trog accepts your kill.
The gnoll hits you from afar with a +0 halberd.
* * * LOW HITPOINT WARNING * * *
The gnoll sergeant hits you with a +1 spear of distortion!
* * * LOW HITPOINT WARNING * * *
Space warps around you.
* * * LOW HITPOINT WARNING * * *
Menkaure, Prince of Dust comes into view.
The gnoll hits you with a +0 club.
* * * LOW HITPOINT WARNING * * *
You feel better. You block the gnoll's attack.
The gnoll sergeant hits you with a +1 spear of distortion!
* * * LOW HITPOINT WARNING * * *
Space warps around you.
You die...

#......# ####......#
#.##......# #.........##
#.#..[.....# #..........##
##..#####...###### .. ##
#..## ###.<....# ...
#..##...# #.@....# ....
#.......#### #g)gg..##....
.....#......####.....#.....
.....#...##..###.(..>.....#
.... #.....#....>..........
.... ##†...........!.....#
...........................
.................#.#.M..###
....####.....#.##./.......


You could see a gnoll sergeant, Menkaure and 2 gnolls.

Vanquished Creatures
  Pikel (D:5)
  Grinder (D:5)
  A wyvern (D:7)
  An acid dragon (D:6)
  A water moccasin (D:5)
  2 sky beasts
  An ice beast (D:5)
  An orc warrior (D:6)
  A black bear (D:7)
  A centaur (D:6)
  A lemure (D:5)
  A phantom (D:5)
  2 elf zombies (Ossuary)
  A bullfrog (D:6)
  A scorpion (D:4)
  A water moccasin zombie (D:7)
  A water moccasin skeleton (D:4)
  2 centaur zombies (Ossuary)
  A human zombie (Ossuary)
  A jelly (D:6)
  A bullfrog skeleton (D:5)
  2 bullfrog zombies (D:5)
  3 orc priests (D:6)
  2 hounds
  2 iguanas
  A centaur skeleton (D:4)
  Jessica (D:2)
  3 orc wizards
  3 mummies
  Robin (D:2)
  2 gnolls (D:7)
  5 adders
  2 river rats (D:6)
  A white imp (D:6)
  3 ufetubi
  An adder skeleton (D:4)
  2 adder zombies (Ossuary)
  A dart slug (D:1)
  A worm (D:4)
  7 orcs
  5 endoplasms
  8 giant cockroaches
  12 goblins
  10 hobgoblins
  3 jackals (D:5)
  2 quokkas
  6 ball pythons
  5 bats
  2 frilled lizards
  A goblin zombie (Ossuary)
  8 hobgoblin zombies (Ossuary)
  12 kobolds
  12 kobold zombies (Ossuary)
  7 orc zombies (Ossuary)
  A quokka skeleton (D:4)
  12 rats
  A rat zombie (Ossuary)
174 creatures vanquished.

Vanquished Creatures (others)
  4 plants (D:6)
4 creatures vanquished.

Grand Total: 178 creatures vanquished

Notes
Turn   | Place    | Note
-------+----------+-------------------------------------------
     0 | D:1      | Cthan the Minotaur Fighter began the quest for the Orb.
     0 | D:1      | Reached XP level 1. HP: 19/19 MP: 0/0
   321 | D:1      | Reached XP level 2. HP: 26/27 MP: 1/1
  1225 | D:2      | Reached XP level 3. HP: 33/33 MP: 2/2
  1363 | D:2      | Noticed Jessica
  1393 | D:2      | Killed Jessica
  1569 | D:2      | Noticed Robin
  1673 | D:2      | Reached XP level 4. HP: 39/39 MP: 3/3
  1677 | D:2      | Reached skill level 5 in Axes
  1686 | D:2      | Killed Robin
  2535 | D:3      | Found a runed translucent gate.
  2535 | D:3      | Found a runed translucent gate.
  2535 | D:3      | Found a runed translucent gate.
  2536 | D:3      | Noticed a kobold brigand
  2537 | D:3      | Noticed Longtemps's ghost (amateur GnAM)
  2655 | D:3      | Found a runed translucent door.
  2656 | D:3      | Noticed Crazy Yiuf
  2758 | D:3      | Reached skill level 1 in Stealth
  2758 | D:3      | Reached XP level 5. HP: 33/46 MP: 4/4
  3187 | D:3      | Reached skill level 4 in Armour
  3546 | D:4      | Noticed a sky beast
  3559 | D:4      | Killed a sky beast
  3560 | D:4      | Reached skill level 5 in Armour
  3560 | D:4      | Reached XP level 6. HP: 38/53 MP: 5/5
  4507 | D:5      | Entered Level 5 of the Dungeon
  4553 | D:5      | Noticed Grinder
  4558 | D:5      | Paralysed by Grinder for 6 turns
  4568 | D:5      | Killed Grinder
  4569 | D:5      | Reached skill level 5 in Fighting
  4569 | D:5      | Reached skill level 6 in Armour
  4569 | D:5      | Reached XP level 7. HP: 28/61 MP: 6/6
  4741 | D:5      | Reached skill level 7 in Armour
  5184 | D:5      | Reached skill level 8 in Armour
  5413 | D:5      | Found Wasa's Magic Scroll Shop.
  5424 | D:5      | Bought a scroll of identify for 20 gold pieces
  5424 | D:5      | Bought a scroll of identify for 20 gold pieces
  5424 | D:5      | Bought a scroll of identify for 20 gold pieces
  5424 | D:5      | Bought a scroll of noise for 10 gold pieces
  5429 | D:5      | Noticed Pikel
  5469 | D:5      | Reached XP level 8. HP: 14/73 MP: 7/7
  5479 | D:5      | Killed Pikel
  5748 | D:5      | Bought a scroll of identify for 20 gold pieces
  5748 | D:5      | Bought a scroll of identify for 20 gold pieces
  6077 | D:6      | Found a sand-covered staircase.
  6084 | D:6      | Reached skill level 1 in Maces & Flails
  6154 | Ossuary  | Entered an ossuary
  6739 | D:6      | Reached XP level 9. HP: 82/82 MP: 8/8
  7158 | D:6      | Reached skill level 9 in Armour
  7520 | D:6      | Reached skill level 5 in Maces & Flails
  7679 | D:6      | Found a staircase to the Ecumenical Temple.
  7693 | Temple   | Entered the Ecumenical Temple
  7949 | Temple   | Upgraded the game from 0.28-a0-1510-gd0f6b136d3 to
                  | 0.28-a0-1560-g060a6a1bfc
  7987 | Temple   | Became a worshipper of Trog the Wrathful
  8358 | D:7      | Noticed Menkaure
  8358 | D:7      | HP: 1/82 [gnoll (5)]
  8359 | D:7      | Slain by a gnoll sergeant

Illustrated notes

Levels and vault maps discovered:
D:1:      minmay_arrival_split_and_join, layout_basic
D:2:      layout_basic, uniq_jessica, uniq_robin
D:3:      layout_loops_ring, gammafunk_ghost_nasty_kobolds, serial_bayou_pond_d,
          serial_bayou_ford_a, uniq_crazy_yiuf_cottage
D:4:      layout_rooms
D:5:      layout_gridville, serial_shops, nicolae_diamond_shop, st_stairs_5,
          minivault_27, minmay_misc_feat_chi, uniq_grinder, uniq_pikel
D:6:      layout_rooms, temple_fountains, portal_sewer_entry_e, serial_bayou,
          serial_bayou_pond_e, serial_bayou_shore_b, serial_bayou_pond_c,
          serial_bayou_lagoon_a, serial_bayou_pond_c, gup_ossuary_entry_pyramid,
          nicolae_figureground_sparkle
D:7:      layout_rooms, mainiacjoe_overflow_tiny_flanked, uniq_menkaure
Temple:   mainiacjoe_temple_hex_bubbles

Skill      XL: |  1  2  3  4  5  6  7  8  9 |
---------------+----------------------------+-----
Fighting       | 4 5 7 8 |  8.8
Axes           | 3 4 6 |  6.6
Stealth        | 1 |  1.0
Armour         | 5 6 8 9 |  9.6
Short Blades   | 4 |  4.0
Maces & Flails | 3 5 |  5.5
Shields        | 4 |  4.0
Dodging        | |  0.4

Action                   |  1- 3 |  4- 6 |  7- 9 || total
-------------------------+-------+-------+-------++-------
Melee: War axe           |    68 |   104 |       ||   172
       Headbutt          |     6 |    25 |    62 ||    93
       Whip              |       |    26 |   270 ||   296
Throw: Stone             |    32 |    18 |       ||    50
       Dart              |       |     1 |     2 ||     3
  Use: Potion            |     1 |       |     3 ||     4
       Scroll            |       |     8 |     8 ||    16
Armor: Scale mail        |    29 |    39 |       ||    68
       Chain mail        |       |    16 |   132 ||   148
Dodge: Dodged            |    29 |    49 |    98 ||   176
Block: Buckler           |    17 |    32 |    50 ||    99

Table legend: (Time is in decaauts)
 A = Elapsed time spent in this place.
 B = Non-inter-level travel time spent in this place.
 C = Inter-level travel time spent in this place.
 D = Time resting spent in this place.
 E = Time spent auto-exploring this place.
 F = Levels seen in this place.
 G = Mean time per level.
                   A        B        C        D        E       F      G
               +--------+--------+--------+--------+--------+-----+--------+
         Total |   8378 |   8027 |    351 |   2435 |   2519 |   9 |  930.9 |
       Dungeon |   7589 |   7287 |    302 |   2226 |   2286 |   7 | 1084.1 |
        Temple |    311 |    262 |     49 |      0 |    233 |   1 |  311.0 |
       Ossuary |    476 |    476 |      0 |    209 |      0 |   1 |  476.0 |
               +--------+--------+--------+--------+--------+-----+--------+

Top non-repeatable levels by time:
     D:5: 1519 daAuts
     D:1: 1286 daAuts
     D:2: 1258 daAuts
     D:6: 1251 daAuts
     D:3: 1085 daAuts
     D:4: 943 daAuts
 Ossuary: 476 daAuts
  Temple: 311 daAuts
     D:7: 245 daAuts
